Map: Lightshade LE

Players

ByuN

  • Race: Terran Terran
  • Spawn Location: 11:00

Solar - Winner!

  • Race: Zerg Zerg
  • Spawn Location: 5:00

Event: IEM Katowice 2021

VOD

Have the link to the VOD?

Description

Time

  • Played on: Feb. 22, 2021, 11:53 a.m.
  • Length: 19:09

All games in this series

Show
View Real Time Build Order
Export as new Build Order

ByuN Terran 

Build Orders:  

Get SALT Encoding   

  12  0:00  SCV  
  13  0:12  SCV  
  14  0:17  Supply Depot  
  14  0:24  SCV  
  15  0:38  SCV  
  15  0:40  Barracks  
  16  0:50  SCV  
  17  1:02  SCV  
  18  1:04  Refinery  
  18  1:15  SCV  
  19  1:27  Marine, Orbital Command  
  20  1:33  Command Center  
  20  1:45  Barracks  
  20  1:48  Barracks Reactor  
  20  1:53  SCV  
  21  2:01  Supply Depot  
  21  2:05  SCV  
  22  2:09  Refinery  
  22  2:17  SCV  
  23  2:25  Marine  
  23  2:26  Factory, Marine  
  23  2:29  SCV  
  26  2:33  Barracks Tech Lab  
  26  2:41  SCV  
  27  2:45  Orbital Command  
  27  2:46  Marine x2  
  29  2:53  SCV  
  29  2:55  Stimpack  
  29  2:58  Marine  
  31  3:04  Marine x2  
  33  3:06  SCV  
  33  3:12  SCV  
  35  3:15  Starport  
  35  3:18  Marine  
  36  3:20  SCV  
  36  3:22  Factory Reactor  
  36  3:26  SCV  
  36  3:27  Marine x2  
  38  3:32  Supply Depot  
  41  3:34  SCV  
  41  3:37  Marine  
  41  3:38  SCV  
  43  3:43  Supply Depot  
  43  3:44  Marine  
  43  3:45  Marine  
  45  3:49  SCV  
  45  3:53  SCV  
  47  3:56  Marine  
  47  4:02  Medivac x2, Marine x2  
  52  4:06  SCV, Supply Depot  
  52  4:09  SCV  
  56  4:16  Marine  
  57  4:19  SCV  
  57  4:20  Marine x2  
  57  4:21  SCV  
  61  4:24  Supply Depot  
  61  4:29  Supply Depot  
  61  4:31  SCV  
  61  4:33  SCV  
  61  4:34  Combat Shield  
  61  4:35  Marine  
  61  4:38  Marine x2  
  65  4:39  Medivac  
  65  4:43  SCV  
  65  4:45  SCV  
  70  4:55  Marine  
  70  4:56  Marine x2  
  70  4:58  Command Center  
  74  5:00  SCV x2  
  73  5:12  SCV x2  
  73  5:13  Marine x2  
  73  5:14  Marine  
  74  5:20  Engineering Bay  
  75  5:25  Refinery  
  75  5:26  Refinery, Engineering Bay  
  75  5:31  Barracks, Factory Reactor  
  75  5:32  SCV x2  
  75  5:33  Starport Reactor  
  77  5:36  Marine  
  77  5:37  Marine x2  
  79  5:44  SCV x2  
  81  5:54  Marine x2  
  81  5:56  SCV x2  
  78  5:57  Marine  
  78  6:01  Terran Infantry Weapons Level 1, Terran Infantry Armor Level 1  
  79  6:08  SCV  
  79  6:10  Orbital Command  
  80  6:11  Barracks  
  80  6:12  Medivac  
  80  6:13  Medivac, Barracks  
  80  6:16  Marine x2  
  86  6:22  Supply Depot, Marine  
  86  6:23  Widow Mine x2  
  91  6:34  SCV x2  
  91  6:39  Supply Depot, Marine x2, Missile Turret  
  95  6:41  Marine x2  
  95  6:45  Orbital Command  
  95  6:46  SCV  
  95  6:47  SCV  
  98  6:48  Widow Mine x2, Missile Turret  
  98  6:49  Marine  
  103  6:59  SCV, Marine x3  
  103  7:00  Barracks Reactor x2  
  107  7:01  Factory  
  107  7:02  SCV  
  107  7:03  Medivac x2  
  107  7:05  Marine  
  113  7:11  SCV x2  
  113  7:13  Supply Depot  
  113  7:14  SCV  
  116  7:18  Marine  
  117  7:24  Supply Depot x2  
  117  7:31  Armory  
  117  7:34  Marine x4  
  117  7:35  SCV x3  
  124  7:40  Marine  
  124  7:43  Marine  
  125  7:45  Marine x3  
  125  7:47  SCV x3  
  125  7:50  Widow Mine, Supply Depot  
  125  7:51  Widow Mine, Supply Depot  
  132  7:59  SCV x3  
  132  8:01  Marine  
  132  8:02  Marine x2  
  132  8:04  Marine x3  
  141  8:06  Factory Tech Lab  
  141  8:07  Supply Depot  
  141  8:12  SCV x2, Marine x3  
  145  8:14  Supply Depot  
  145  8:16  Supply Depot  
  145  8:19  Marine  
  143  8:24  Command Center, Terran Infantry Armor Level 2, Refinery  
  143  8:26  Terran Infantry Weapons Level 2  
  144  8:31  Marine x3  
  144  8:32  Marine  
  148  8:38  Marine x3  
  148  8:39  Marauder  
  151  8:42  Medivac x2  
  155  8:54  Marine  
  142  9:01  Marauder  
  141  9:03  Marine x3  
  141  9:04  Marine x2  
  141  9:05  Marine x2  
  141  9:08  Siege Tank  
  147  9:12  Medivac x2  
  151  9:17  Marine  
  151  9:21  Marine x4  
  151  9:22  Marauder, Marine x2  
  151  9:23  Marine, Terran Vehicle Weapons Level 1, Factory Tech Lab  
  161  9:28  Refinery, Sensor Tower  
  161  9:29  SCV x2  
  161  9:30  SCV  
  159  9:35  Marine  
  158  9:39  Marine x4  
  158  9:40  Marine x3  
  158  9:43  Marine, Siege Tank  
  169  9:49  SCV x2  
  169  9:53  Marine  
  169  9:57  Marine x4  
  169  9:58  Marine x3  
  176  10:06  Marine  
  170  10:10  Marine  
  170  10:15  Siege Tank  
  170  10:16  Marine  
  170  10:19  Planetary Fortress  
  157  10:22  Marine  
  151  10:28  SCV x2  
  151  10:30  SCV  
  151  10:33  Marine x7  
  151  10:35  Marine  
  160  10:39  Barracks x2  
  160  10:40  SCV x2, Barracks  
  160  10:42  Command Center  
  162  10:44  Siege Tank  
  162  10:47  Siege Tank  
  162  10:49  Terran Infantry Weapons Level 3, Terran Infantry Armor Level 3  
  168  10:54  Marine x4  
  168  10:55  Marine  
  169  11:00  Medivac x2  
  170  11:16  Siege Tank  
  170  11:17  Marine x3  
  153  11:20  Siege Tank  
  153  11:22  Marine x4  
  150  11:30  Medivac x2  
  148  11:33  Marine  
  148  11:35  Barracks Tech Lab x2  
  148  11:36  Barracks Tech Lab  
  148  11:38  Reaper, Refinery x2  
  150  11:48  Marauder, Siege Tank  
  150  11:49  Marine x2  
  150  11:50  Marine x4  
  150  11:52  Siege Tank  
  164  12:00  Medivac x2  
  168  12:04  Marauder x3  
  174  12:09  Marauder  
  174  12:12  Ghost Academy  
  174  12:13  Command Center  
  174  12:14  Sensor Tower  
  174  12:15  Marine x5  
  177  12:20  Siege Tank  
  181  12:31  Marauder  
  181  12:34  Marauder x2  
  181  12:35  Marine x8  
  185  12:38  Liberator x2  
  186  12:45  Orbital Command  
  186  12:48  Command Center  
  186  13:00  Ghost  
  186  13:01  Ghost x3  
  186  13:03  Marine x3  
  186  13:04  Marine  
  190  13:11  Personal Cloaking  
  190  13:21  Medivac x2  
  194  13:32  Ghost x3  
  194  13:33  Concussive Shells  
  198  13:35  Marine  
  198  13:36  Marine  
  198  13:51  Command Center  
  196  14:05  Ghost x2  
  200  14:20  Ghost  
  199  14:44  Ghost x2  
  197  14:50  Ghost  
  192  14:54  Marine x6  
  192  14:55  Marine x2  
  200  15:05  Ghost  
  195  15:12  Marine x4, Siege Tank x2  
  155  15:22  Marine x2  
  155  15:25  Marine  
  155  15:27  Marine x4  
  145  15:29  Marine  
  145  15:34  SCV x3, Marauder  
  145  15:35  SCV  
  139  15:40  Marine x5  
  138  15:44  Siege Tank x2  
  138  15:45  Ghost  
  138  15:46  Marauder x2, Marine x2, SCV  
  138  15:47  Marine  
  146  15:55  Ghost  
  138  15:58  Marine  
  138  15:59  Marine  
  138  16:00  Marine x2  
  131  16:07  Ghost x2  
  131  16:08  Marine  
  131  16:09  Marine x3  
  115  16:14  Marine  
  115  16:16  Siege Tank x2  
  104  16:24  Marauder  
  106  16:26  Orbital Command  
  106  16:36  Orbital Command  
  106  16:39  Marine  
  106  16:40  Marine x6  
  106  16:43  Marauder x3, Orbital Command  
  106  16:46  Marauder  
  121  16:48  Siege Tank  
  121  16:51  Armory  
  118  17:02  Marine x7  
  118  17:03  Marine  
  118  17:05  Ghost  
  118  17:06  Ghost x3  
  122  17:19  Marine  
  122  17:20  Marine  
  124  17:28  Marine  
  123  17:34  Ghost x3  
  123  17:35  Ghost, Siege Tank  
  134  17:49  Marine x3  
  135  18:01  Marine  
  135  18:02  Marine, Ghost  
  135  18:03  Ghost  
  135  18:04  Siege Tank  
  142  18:13  Sensor Tower  
  142  18:17  Reaper  
  143  18:20  Siege Tank  
  146  18:29  Marauder  
  146  18:30  Marauder  
  146  18:31  Marine  
  146  18:32  Marauder, Marine x3  
Show
View Real Time Build Order
Export as new Build Order

Solar Zerg - Winner!

Build Orders: Hatch First, Lurkers 

Get SALT Encoding   

  12  0:00  Drone  
  13  0:12  Overlord  
  13  0:17  Drone  
  14  0:31  Drone x2  
  16  0:47  Hatchery  
  15  0:51  Drone  
  15  0:55  Drone  
  17  0:59  Drone  
  18  1:14  Spawning Pool  
  18  1:17  Drone  
  18  1:20  Drone  
  19  1:28  Drone  
  19  1:31  Extractor  
  19  1:38  Drone  
  20  1:49  Drone  
  21  2:01  Zergling x4, Queen x2  
  27  2:12  Overlord  
  27  2:13  Drone  
  28  2:26  Hatchery  
  28  2:28  Drone  
  28  2:33  Drone  
  28  2:36  Metabolic Boost  
  29  2:40  Drone  
  30  2:45  Queen  
  32  2:51  Overlord  
  32  2:54  Drone  
  32  2:56  Drone  
  32  2:58  Drone  
  35  3:01  Drone  
  36  3:10  Drone x4  
  40  3:13  Drone  
  41  3:21  Queen  
  41  3:24  Pneumatized Carapace  
  43  3:28  Overlord  
  43  3:30  Drone  
  43  3:32  Overlord  
  44  3:39  Queen  
  44  3:40  Drone  
  47  3:46  Drone x2  
  47  3:47  Drone x2  
  51  3:48  Drone  
  51  3:50  Drone  
  51  3:53  Zergling x4  
  55  3:56  Drone  
  55  4:00  Queen  
  55  4:02  Overlord  
  58  4:06  Drone x2  
  59  4:10  Drone  
  59  4:11  Drone x2  
  59  4:13  Overlord  
  62  4:18  Overlord  
  62  4:21  Zergling x6  
  65  4:24  Queen  
  65  4:28  Zergling x2, Evolution Chamber  
  65  4:29  Zergling x2  
  65  4:30  Drone  
  69  4:36  Overlord  
  69  4:37  Zergling x6  
  72  4:41  Zergling x6  
  72  4:45  Queen  
  77  4:51  Zergling x10  
  82  4:54  Zergling x6  
  85  5:00  Overlord, Zerg Ground Armor Level 1  
  85  5:04  Zergling x4  
  83  5:09  Zergling x2  
  83  5:13  Drone x2  
  82  5:15  Zergling x4, Extractor  
  82  5:16  Baneling Nest  
  82  5:17  Queen  
  82  5:20  Zergling x4  
  86  5:21  Drone x2  
  86  5:22  Overlord  
  86  5:26  Queen  
  86  5:28  Drone  
  91  5:30  Zergling x2  
  91  5:32  Zergling x2  
  91  5:34  Drone  
  93  5:36  Drone  
  93  5:39  Spore Crawler  
  89  5:43  Zergling x2  
  89  5:44  Overlord  
  89  5:48  Zergling x8  
  89  5:53  Zergling x2  
  89  5:55  Queen  
  89  5:56  Drone  
  86  5:57  Drone, Lair  
  86  5:58  Drone x4  
  86  5:59  Drone  
  86  6:02  Drone  
  93  6:09  Extractor x2  
  93  6:10  Drone x2  
  93  6:13  Drone  
  93  6:14  Extractor  
  93  6:15  Baneling x4  
  93  6:18  Zergling x4, Baneling  
  94  6:20  Drone  
  94  6:23  Hatchery  
  95  6:28  Drone  
  95  6:29  Drone x3  
  95  6:30  Drone x3  
  95  6:32  Drone  
  103  6:36  Zergling x6  
  106  6:41  Zergling x4  
  105  6:48  Zergling x2  
  105  6:52  Zergling x2  
  105  6:53  Zergling x2  
  106  6:54  Zerg Melee Weapons Level 1  
  106  6:56  Drone  
  106  6:58  Evolution Chamber, Centrifical Hooks, Overseer, Spore Crawler  
  106  7:00  Zergling x2  
  106  7:01  Zergling x4  
  108  7:03  Baneling x4  
  108  7:04  Zergling x10  
  108  7:07  Overlord  
  113  7:09  Zergling x6  
  113  7:11  Baneling x3  
  113  7:14  Overlord  
  116  7:16  Drone  
  117  7:22  Drone  
  117  7:28  Drone, Zerg Ground Armor Level 2  
  118  7:30  Drone  
  118  7:33  Zergling x2, Hydralisk Den  
  118  7:36  Zergling x10  
  124  7:39  Zergling x6  
  121  7:45  Zergling x2  
  121  7:46  Zergling x4  
  121  7:48  Drone  
  124  7:55  Zergling x10  
  124  7:57  Baneling x8  
  126  8:00  Zergling x4  
  126  8:05  Hydralisk  
  129  8:07  Overlord x2  
  129  8:10  Hydralisk x3, Muscular Augments  
  129  8:11  Extractor  
  130  8:15  Zergling x8  
  130  8:19  Baneling x2, Queen  
  132  8:20  Drone  
  132  8:21  Drone  
  132  8:22  Overlord  
  132  8:25  Overlord  
  132  8:26  Drone  
  137  8:28  Drone  
  137  8:29  Infestation Pit  
  137  8:31  Baneling x2  
  137  8:32  Baneling x2  
  137  8:33  Drone  
  138  8:40  Drone x2  
  134  8:41  Drone x2  
  134  8:43  Zergling x12  
  142  8:49  Drone  
  142  8:54  Drone x2  
  139  9:00  Hydralisk x3  
  139  9:02  Zergling x2  
  137  9:04  Baneling x16  
  137  9:05  Zergling x8  
  139  9:10  Extractor  
  139  9:12  Zergling x18, Lurker Den  
  146  9:19  Zerg Melee Weapons Level 2  
  143  9:28  Grooved Spines  
  143  9:29  Zergling x12  
  147  9:35  Hatchery  
  147  9:37  Hive  
  145  9:40  Zergling x14  
  144  9:53  Hydralisk x5  
  144  9:57  Zergling x14  
  154  10:04  Baneling x2  
  154  10:05  Drone x2  
  154  10:06  Drone x2  
  153  10:08  Overlord x2  
  153  10:10  Zergling x4  
  153  10:13  Zergling x2  
  156  10:15  Overlord  
  156  10:19  Hydralisk x3  
  141  10:27  Drone x2  
  141  10:30  Hydralisk x2  
  141  10:34  Zerg Missile Weapons Level 1  
  145  10:36  Zergling x6  
  145  10:39  Overlord, Drone  
  145  10:40  Drone  
  145  10:41  Drone  
  150  10:43  Extractor  
  150  10:49  Zergling x8, Seismic Spines  
  150  10:51  Viper  
  147  10:58  Zergling x4  
  147  11:03  Zergling x8  
  152  11:06  Zergling x14  
  152  11:10  Hydralisk x2  
  163  11:12  Zergling x4  
  152  11:20  Zergling x2  
  152  11:21  Zergling x6  
  152  11:25  Zergling x8  
  153  11:28  Hydralisk x2  
  154  11:35  Drone x4, Baneling x2  
  158  11:40  Extractor  
  158  11:43  Lurker x4, Spore Crawler  
  158  11:45  Zergling x16  
  158  11:46  Adaptive Talons  
  168  11:47  Baneling x5  
  168  11:49  Zergling x6  
  168  11:52  Zergling x2  
  172  11:58  Adrenal Glands  
  172  12:02  Drone  
  172  12:04  Lurker  
  172  12:05  Zergling x8  
  178  12:10  Hatchery  
  178  12:11  Drone x2  
  178  12:14  Lurker x2  
  181  12:18  Zergling x20  
  181  12:21  Overlord  
  181  12:22  Overlord  
  191  12:24  Overlord  
  189  12:35  Drone  
  189  12:36  Overlord  
  190  12:37  Overlord  
  189  12:44  Zerg Ground Armor Level 3  
  189  12:46  Zerg Melee Weapons Level 3  
  189  12:48  Drone x3  
  189  12:50  Lurker x3  
  195  12:55  Hydralisk  
  195  12:56  Zergling x4  
  199  12:59  Baneling x6  
  199  13:14  Drone  
  199  13:17  Overseer  
  200  13:20  Baneling x10  
  200  13:21  Hatchery, Baneling  
  198  13:32  Zergling x10  
  199  13:50  Baneling  
  199  13:51  Baneling x5  
  185  14:03  Hydralisk x2  
  185  14:04  Zergling x20  
  185  14:05  Zergling x4  
  196  14:24  Drone  
  196  14:27  Zergling x8  
  197  14:46  Drone  
  197  14:47  Drone x3  
  197  14:49  Drone  
  197  14:51  Drone  
  200  14:53  Overseer  
  200  14:59  Spore Crawler  
  196  15:01  Hydralisk x2  
  196  15:06  Hydralisk x3  
  190  15:07  Zergling x18  
  190  15:13  Zergling x12  
  192  15:20  Hydralisk x2  
  192  15:21  Hydralisk  
  182  15:23  Zergling x18  
  182  15:24  Zergling x10  
  179  15:29  Zerg Missile Weapons Level 2  
  179  15:30  Zergling x4  
  179  15:32  Zergling x10  
  175  15:36  Zergling x2  
  175  15:37  Zergling x2  
  175  15:40  Drone x2  
  174  15:43  Zergling x10, Queen x2  
  174  15:45  Hydralisk  
  174  15:49  Hydralisk  
  181  15:53  Hydralisk x4  
  170  15:58  Zergling x6  
  170  16:04  Zergling x8  
  159  16:08  Zergling x2  
  159  16:09  Zergling x4  
  135  16:12  Zergling x20  
  135  16:14  Drone x2  
  135  16:16  Hydralisk x2  
  135  16:17  Hydralisk x2  
  143  16:18  Hydralisk x2  
  143  16:24  Zergling x8  
  149  16:26  Baneling x16  
  149  16:27  Lurker x3  
  149  16:28  Zergling x4  
  149  16:31  Zergling x2  
  153  16:34  Hydralisk, Lurker x3  
  153  16:35  Hydralisk, Zergling x2  
  153  16:36  Zergling x2, Overseer  
  153  16:38  Hydralisk x2  
  166  16:41  Zergling x10  
  166  16:42  Lurker x4  
  166  16:43  Hydralisk x2  
  166  16:45  Zergling x8, Lurker x2  
  166  16:46  Zergling x4  
  187  16:51  Zergling x4  
  187  16:53  Baneling x3  
  189  16:54  Zergling x8  
  189  17:00  Zergling x10  
  192  17:02  Zergling x2  
  192  17:04  Baneling x3  
  192  17:07  Overseer x2  
  193  17:08  Zergling x14  
  193  17:15  Zergling x2  
  199  17:18  Overseer x2  
  197  17:27  Zergling x28  
  200  17:36  Baneling  
  200  17:48  Viper x2  
  199  17:55  Baneling x6  
  198  18:01  Drone  
  199  18:14  Spore Crawler  
  198  18:27  Overseer x5  
  198  18:38  Overseer x3  
  195  18:42  Zergling x10  

Tags
 
Composition
Lurkers
Matchup
TvZ
Player
ByuNSolar
Spawn Locations
Cross Positions
Add a new tag
Caveats
  • Supply blocks, unpowered buildings, or Contaminate may cause inaccurate times.
  • Supply counts are checked every 10 seconds.